cohdb
Replays
Latest Replays
All Replays
Popular Replays
Top Player Replays
Match Explorer
How It Works
Community
CoH3 Stats
Reddit
Sign in to upload your games and track your stats! →
Sign in with Steam
Match 39853948
Unlisted
Match 39853948
Overview
Messages
Build Orders
End
Construct Section Command Post
Vickers Machine Gun Team
ML 3-inch Mortar Team
Infantry Section
Construct Platoon Command Post
Infantry Section
CMP 15cwt Truck
Infantry Section
Grenade Package
Unlock M3 Stuart Light Tanks
Infantry Section
M3 Stuart Light Tank
Royal Engineer Section
Unlock Bishop Self-propelled Artillery
GeneralMosti
Sushi
Vandron
Jafar
BigTiddeeGothGF
Beck
Oncle-Hô
Le_M
0
0
Comments
sign in to comment!
No comments posted yet!